1870 views
Uploaded 2023-06-05 16:46:37
Game version 1.36 (6115)
13:53 long 2on2 ladder game on (4)LostTemple_S2
Saved by Nopeaca
1870 views
Uploaded 2023-06-05 16:46:37
Game version 1.36 (6115)
13:53 long 2on2 ladder game on (4)LostTemple_S2


62 units @ 8.1k
/ 0.6k
36 buildings @ 4.1k
/ 1.6k
Nopeaca
(13:51) : 

| Scroll of Healing | 1 | 250 |
| total: | 1 | 250g |
| Peasant | 14 | 1050 | / | 0 |
| Footman | 6 | 810 | / | 0 |
| Rifleman | 6 | 1230 | / | 180 |
| Priest | 4 | 540 | / | 40 |
| Spell Breaker | 1 | 215 | / | 30 |
| total: | 31 | 3845g | / | 250w |
| Scout Tower | 1 | 30 | / | 20 |
| Arcane Tower | 1 | 70 | / | 50 |
| Altar of Kings | 1 | 180 | / | 50 |
| Farm | 9 | 720 | / | 180 |
| Barracks | 1 | 160 | / | 60 |
| Lumber Mill | 1 | 120 | / | 0 |
| Arcane Vault | 1 | 130 | / | 30 |
| Blacksmith | 1 | 140 | / | 60 |
| Town Hall | 1 | 385 | / | 205 |
| Arcane Sanctum | 2 | 300 | / | 280 |
| Keep | 1 | 320 | / | 210 |
| Castle | 1 | 360 | / | 210 |
| total: | 18 | 2165g | / | 885w |
| 0:02 | Peasant |
| 0:03 | Peasant |
| 0:04 | Altar of Kings |
| 0:16 | Farm |
| 0:19 | Barracks |
| 0:22 | Peasant |
| 0:34 | Peasant |
| 0:43 | Farm |
| 0:56 | Peasant |
| 1:10 | Peasant |
| 1:20 | Footman |
| 1:30 | Peasant |
| 1:39 | Farm |
| 1:44 | Footman |
| 1:56 | Scout Tower |
| 2:01 | Storm Bolt |
| 2:04 | Footman |
| 2:24 | Arcane Tower |
| 2:26 | Footman |
| 2:36 | Footman |
| 2:40 | Peasant |
| 2:49 | Thunder Clap |
| 2:52 | Peasant |
| 2:53 | Footman |
| 3:01 | Peasant |
| 3:09 | Lumber Mill |
| 3:53 | Keep |
| 3:55 | Arcane Vault |
| 4:08 | Blacksmith |
| 4:28 | Farm |
| 4:49 | Farm |
| 5:06 | Thunder Clap |
| 5:30 | Rifleman |
| 5:30 | Rifleman |
| 5:34 | Improved Lumber Harvesting |
| 6:18 | Arcane Sanctum |
| 6:36 | Rifleman |
| 6:38 | Farm |
| 7:14 | Siphon Mana |
| 7:30 | Rifleman |
| 7:34 | Priest |
| 8:00 | Priest |
| 8:14 | Rifleman |
| 8:21 | Priest |
| 8:23 | Priest Adept Training |
| 8:25 | Farm |
| 8:32 | Scroll of Healing |
| 8:42 | Farm |
| 8:50 | Long Rifles |
| 9:43 | Spell Breaker |
| 9:48 | Town Hall |
| 10:28 | Banish |
| 10:32 | Storm Bolt |
| 11:32 | Black Gunpowder |
| 11:33 | Farm |
| 11:40 | Rifleman |
| 11:48 | Priest |
| 11:58 | Castle |
| 12:03 | Arcane Sanctum |
| 13:06 | Peasant |
| 13:06 | Peasant |
| 13:06 | Peasant |
| 13:06 | Peasant |
| 13:33 | Flame Strike |
| Select group | 1397 |
| Right click | 804 |
| Misc. action | 538 |
| Select | 412 |
| Build/train/purchase | 71 |
| Assign group | 53 |
| Use ability | 38 |
| Minimap ping | 7 |
| Resource trade | 4 |
| Esc | 3 |
| Remove unit | 2 |
| Item give/drop | 1 |


| Scroll of Town Portal | 1 | 350 |
| Scroll of Protection | 1 | 150 |
| total: | 2 | 500g |
| Peasant | 10 | 750 | / | 0 |
| Footman | 6 | 810 | / | 0 |
| Rifleman | 9 | 1845 | / | 270 |
| Priest | 6 | 810 | / | 60 |
| total: | 31 | 4215g | / | 330w |
| Scout Tower | 4 | 120 | / | 80 |
| Arcane Tower | 1 | 70 | / | 50 |
| Altar of Kings | 1 | 180 | / | 50 |
| Farm | 8 | 640 | / | 160 |
| Barracks | 1 | 160 | / | 60 |
| Lumber Mill | 1 | 120 | / | 0 |
| Blacksmith | 1 | 140 | / | 60 |
| Town Hall | 1 | 385 | / | 205 |
| Arcane Sanctum | 1 | 150 | / | 140 |
| Keep | 1 | 320 | / | 210 |
| total: | 18 | 1895g | / | 755w |
| 0:02 | Altar of Kings |
| 0:03 | Peasant |
| 0:03 | Peasant |
| 0:21 | Farm |
| 0:22 | Barracks |
| 0:29 | Peasant |
| 0:42 | Peasant |
| 0:54 | Farm |
| 1:06 | Peasant |
| 1:14 | Peasant |
| 1:23 | Footman |
| 1:34 | Scout Tower |
| 1:37 | Footman |
| 1:39 | Peasant |
| 1:49 | Peasant |
| 2:06 | Footman |
| 2:09 | Summon Water Elemental |
| 2:13 | Farm |
| 2:56 | Brilliance Aura |
| 3:00 | Footman |
| 3:10 | Keep |
| 3:20 | Footman |
| 3:24 | Farm |
| 3:28 | Lumber Mill |
| 3:39 | Footman |
| 4:43 | Blacksmith |
| 5:01 | Arcane Tower |
| 5:15 | Farm |
| 5:16 | Farm |
| 5:36 | Arcane Sanctum |
| 6:22 | Summon Water Elemental |
| 6:35 | Rifleman |
| 6:40 | Holy Light |
| 7:07 | Rifleman |
| 7:08 | Priest |
| 7:08 | Priest |
| 7:28 | Rifleman |
| 7:36 | Black Gunpowder |
| 7:43 | Priest Adept Training |
| 7:57 | Rifleman |
| 8:14 | Farm |
| 8:26 | Priest |
| 8:27 | Rifleman |
| 8:33 | Scroll of Protection |
| 8:39 | Scroll of Town Portal |
| 8:56 | Rifleman |
| 9:14 | Priest |
| 9:35 | Rifleman |
| 9:54 | Farm |
| 10:17 | Devotion Aura |
| 10:32 | Rifleman |
| 10:33 | Priest |
| 10:38 | Brilliance Aura |
| 11:14 | Holy Light |
| 11:22 | Town Hall |
| 11:25 | Long Rifles |
| 11:28 | Refined Gunpowder |
| 12:15 | Scout Tower |
| 12:15 | Scout Tower |
| 12:15 | Scout Tower |
| 13:46 | Peasant |
| 13:47 | Peasant |
| 13:48 | Rifleman |
| 13:49 | Priest |
| Right click | 798 |
| Select group | 527 |
| Select | 174 |
| Misc. action | 123 |
| Build/train/purchase | 84 |
| Assign group | 36 |
| Use ability | 20 |
| Remove unit | 2 |
| Minimap ping | 1 |
57 units @ 8k
/ 0.7k
24 buildings @ 3.1k
/ 1.1k


| Healing Salve | 2 | 200 |
| Potion of Healing | 1 | 150 |
| Potion of Mana | 2 | 400 |
| Scroll of Town Portal | 1 | 350 |
| total: | 6 | 1100g |
| Peon | 7 | 525 | / | 0 |
| Grunt | 6 | 1200 | / | 0 |
| Troll Headhunter | 10 | 1400 | / | 200 |
| Spirit Walker | 3 | 585 | / | 105 |
| Goblin Shredder | 1 | 375 | / | 100 |
| total: | 27 | 4085g | / | 405w |
| Altar of Storms | 2 | 360 | / | 100 |
| Orc Burrow | 3 | 480 | / | 120 |
| Barracks | 1 | 180 | / | 50 |
| War Mill | 1 | 205 | / | 0 |
| Voodoo Lounge | 1 | 130 | / | 30 |
| Tauren Totem | 1 | 135 | / | 155 |
| Stronghold | 1 | 315 | / | 190 |
| Fortress | 1 | 325 | / | 190 |
| total: | 9 | 1490g | / | 455w |
| 0:02 | Peon |
| 0:02 | Peon |
| 0:02 | Peon |
| 0:08 | Altar of Storms |
| 0:11 | Altar of Storms |
| 0:15 | Orc Burrow |
| 0:43 | Barracks |
| 0:47 | Peon |
| 1:03 | Peon |
| 1:22 | Peon |
| 1:36 | Orc Burrow |
| 1:38 | Peon |
| 1:48 | Grunt |
| 2:10 | Grunt |
| 2:13 | Feral Spirit |
| 2:33 | Grunt |
| 3:04 | Stronghold |
| 3:16 | Grunt |
| 3:44 | Far Sight |
| 4:44 | Grunt |
| 4:47 | War Mill |
| 4:58 | Voodoo Lounge |
| 5:31 | Tauren Totem |
| 5:47 | Berserker Strength |
| 5:56 | Feral Spirit |
| 6:18 | Troll Headhunter |
| 6:19 | Troll Headhunter |
| 6:27 | Orc Burrow |
| 6:30 | Healing Salve |
| 7:09 | Grunt |
| 7:10 | Troll Headhunter |
| 7:10 | Troll Headhunter |
| 7:23 | Spirit Walker |
| 7:31 | Spirit Walker |
| 7:31 | Spirit Walker Adept Training |
| 7:55 | Troll Headhunter |
| 8:18 | Steel Ranged Weapons |
| 8:37 | Far Sight |
| 8:59 | Healing Wave |
| 9:01 | Potion of Healing |
| 9:01 | Potion of Mana |
| 9:01 | Potion of Mana |
| 9:02 | Healing Salve |
| 9:59 | Fortress |
| 10:11 | Thorium Ranged Weapons |
| 10:39 | Spirit Walker |
| 11:00 | Goblin Shredder |
| 11:11 | Troll Headhunter |
| 11:11 | Troll Headhunter |
| 11:53 | Scroll of Town Portal |
| 12:47 | Troll Headhunter |
| 12:48 | Troll Headhunter |
| 13:10 | Troll Headhunter |
| Right click | 1049 |
| Select group | 747 |
| Select | 283 |
| Build/train/purchase | 66 |
| Misc. action | 57 |
| Assign group | 34 |
| Use ability | 19 |
| Esc | 3 |
| Minimap ping | 3 |


| Scroll of Regeneration | 1 | 100 |
| Scroll of Town Portal | 1 | 350 |
| total: | 2 | 450g |
| Peasant | 13 | 975 | / | 0 |
| Footman | 4 | 540 | / | 0 |
| Rifleman | 6 | 1230 | / | 180 |
| Sorceress | 2 | 310 | / | 40 |
| Priest | 3 | 405 | / | 30 |
| Spell Breaker | 1 | 215 | / | 30 |
| Goblin Zeppelin | 1 | 240 | / | 60 |
| total: | 30 | 3915g | / | 340w |
| Scout Tower | 1 | 30 | / | 20 |
| Arcane Tower | 1 | 70 | / | 50 |
| Altar of Kings | 1 | 180 | / | 50 |
| Barracks | 1 | 160 | / | 60 |
| Farm | 7 | 560 | / | 140 |
| Lumber Mill | 1 | 120 | / | 0 |
| Blacksmith | 1 | 140 | / | 60 |
| Arcane Vault | 1 | 130 | / | 30 |
| Arcane Sanctum | 2 | 300 | / | 280 |
| Keep | 1 | 320 | / | 210 |
| total: | 15 | 1620g | / | 640w |
| 0:02 | Peasant |
| 0:02 | Peasant |
| 0:07 | Altar of Kings |
| 0:19 | Barracks |
| 0:21 | Peasant |
| 0:26 | Peasant |
| 0:34 | Farm |
| 0:49 | Farm |
| 0:57 | Peasant |
| 1:07 | Peasant |
| 1:13 | Lumber Mill |
| 1:27 | Peasant |
| 1:37 | Farm |
| 1:42 | Footman |
| 1:50 | Peasant |
| 1:58 | Peasant |
| 2:05 | Footman |
| 2:10 | Summon Water Elemental |
| 2:17 | Peasant |
| 2:24 | Peasant |
| 2:53 | Keep |
| 3:02 | Blacksmith |
| 3:06 | Brilliance Aura |
| 3:13 | Farm |
| 3:24 | Footman |
| 3:29 | Scout Tower |
| 3:42 | Footman |
| 4:27 | Rifleman |
| 4:29 | Arcane Tower |
| 4:30 | Farm |
| 4:47 | Arcane Vault |
| 4:57 | Rifleman |
| 5:09 | Summon Water Elemental |
| 5:18 | Arcane Sanctum |
| 5:23 | Arcane Sanctum |
| 5:26 | Long Rifles |
| 6:12 | Rifleman |
| 6:14 | Sorceress |
| 6:39 | Sorceress |
| 7:04 | Priest |
| 7:39 | Rifleman |
| 7:41 | Scroll of Regeneration |
| 8:20 | Priest Adept Training |
| 8:32 | Brilliance Aura |
| 8:40 | Priest |
| 8:46 | Peasant |
| 8:46 | Peasant |
| 9:13 | Storm Bolt |
| 9:40 | Spell Breaker |
| 9:44 | Farm |
| 9:45 | Farm |
| 10:56 | Goblin Zeppelin |
| 11:17 | Rifleman |
| 11:19 | Priest |
| 11:28 | Scroll of Town Portal |
| 12:11 | Rifleman |
| Right click | 617 |
| Select group | 297 |
| Select | 287 |
| Misc. action | 128 |
| Assign group | 94 |
| Build/train/purchase | 79 |
| Use ability | 18 |
| Minimap ping | 6 |
| Chat | 4 |
| Esc | 3 |
| Item give/drop | 1 |
โ